 Dungeon Crawl Stone Soup version 0.32-a0-86-g8db1b9f803 (webtiles) character file.

Game seed: 15765340640384273747

417 Ceno the Sneak (level 6, 0/28 HPs)
             Began as a Vine Stalker Earth Elementalist on Feb 6, 2024.
             Frozen to death by an endoplasm (3 damage)
             ... on level 4 of the Dungeon.
             The game lasted 00:13:26 (3386 turns).

Ceno the Sneak (Vine Stalker Earth Elementalist)    Turns: 3386, Time: 00:13:26

Health: 0/28       AC:  3    Str: 10    XL:     6   Next: 92%
Magic:  0/13       EV: 12    Int: 15    God:
Gold:   130        SH:  0    Dex: 23    Spells: 6/13 levels left

rFire   . . .        c - +0 dagger
rCold   . . .        (no shield)
rNeg    . . .        i - +0 leather armour
rPois   .            (no helmet)
rElec   .            (no cloak)
rCorr   .            (no gloves)
SInv    .            (no boots)
Will    .....        j - amulet of the acrobat
Stlth   +++          n - +6 ring of dexterity
HPRegen 1.04/turn    (no ring)
MPRegen 0.13/turn

%: acrobat, guardian spirit
@: no status effects
A: fangs 2, regeneration 1, magic shield, antimagic bite, no potion heal 2
a: no special abilities


You were on level 4 of the Dungeon.
You visited 1 branch of the dungeon, and saw 4 of its levels.

You collected 130 gold pieces.

Inventory:

Hand Weapons
 c - a +0 dagger (weapon)
Missiles
 e - 50 stones (quivered)
Armour
 i - a +0 leather armour (worn)
Jewellery
 j - an amulet of the acrobat (around neck)
 n - a +6 ring of dexterity (left hand)
 p - a ring of protection from fire
Scrolls
 a - a scroll of teleportation {unknown}
 f - a scroll of identify {unknown}
 g - a scroll of blinking {unknown}
 h - 2 scrolls of fog {unknown}
 k - a scroll of noise {unknown}
 m - a scroll of poison {unknown}
 o - a scroll of enchant armour {unknown}
Potions
 b - a potion of magic
 d - a potion of curing {unknown}
 l - a potion of might {unknown}
 q - a potion of cancellation {unknown}
 r - a potion of resistance {unknown}
 s - a potion of mutation {unknown}


   Skills:
 - Level 1.5 Dodging
 + Level 5.0 Stealth
 - Level 4.0 Spellcasting
 - Level 3.0 Conjurations
 + Level 4.5 Earth Magic
 + Level 1.4 Alchemy


You had 6 spell levels left.
You knew the following spells:

 Your Spells              Type           Power      Damage    Failure   Level
a - Sandblast             Erth           32%        2d9       3%          1
b - Passwall              Erth           16%        N/A       12%         3
c - Stone Arrow           Conj/Erth      28%        3d8       16%         3

Your spell library contained the following spells:

 Spells                   Type           Power      Damage    Failure   Level
 Lesser Beckoning         Tloc           6%         N/A       36%         2
 Brom's Barrelling Bould  Conj/Erth      14%        2d4       45%         4
 Petrify                  Alch/Erth      12%        N/A       56%         4
 Gell's Gravitas          Tloc           3%         N/A       58%         3
 Teleport Other           Tloc           3%         N/A       58%         3
 Dispersal                Tloc           1%         N/A       100%        6


Dungeon Overview and Level Annotations

Branches:
Dungeon (4/15)
 Temple: D:4-7

Altars:
Ru
Wu Jian
Xom
Yredelemnul

Shops:
D:4 [

Annotations:
D:4 Ijyb


Innate Abilities, Weirdness & Mutations

You have extremely sharp teeth.
Your natural rate of healing is unusually fast.
When hurt, damage is shared between your health and your magic reserves.
Your bite disrupts and absorbs the magic of your enemies.
Potions cannot restore your health.


Message History

The black bear closely misses you. The black bear claws you.
* * * LOW HITPOINT WARNING * * *
The black bear misses you.
You hit the black bear.
You kill the black bear!
The endoplasm freezes you.
You are frozen.
* * * LOW HITPOINT WARNING * * *
The hobgoblin barely misses you.
Training target 4.0 for Spellcasting reached!
Your Stealth skill increases to level 5!
Your Spellcasting skill increases to level 4!
Your Alchemy skill increases to level 1!
You hit the hobgoblin.
The hobgoblin is lightly wounded.
The endoplasm freezes you.
You are frozen.
* * * LOW HITPOINT WARNING * * *
The hobgoblin misses you.
You hit the hobgoblin but do no damage. Your bite misses the hobgoblin.
The hobgoblin is lightly wounded.
The endoplasm barely misses you. The hobgoblin barely misses you.
You hit the hobgoblin.
You punch the hobgoblin, but do no damage.
Your bite misses the hobgoblin.
The hobgoblin is heavily wounded.
The endoplasm hits you.
* * * LOW HITPOINT WARNING * * *
The hobgoblin closely misses you.
You barely miss the hobgoblin. You bite the hobgoblin.
You kill the hobgoblin!
The endoplasm freezes you.
You are frozen.
* * * LOW HITPOINT WARNING * * *
You hit the endoplasm but do no damage. You bite the endoplasm.
You drain its power.
You feel invigorated.
The endoplasm is lightly wounded.
The endoplasm freezes you.
You are frozen.
You die...

####..# #.#
######.....# g..
##......##.## ###
######..######..#
#....#.## ##.#####
#....).# #......#
#.∩...#######..)...#
#...........#†)....#
#....######.@..)...#
#....# ##.J.)...######
######
#####...)##......#####
#......#########).....
#.#...## #######
###...### # #...###
#..## #.##


You could see an endoplasm.

Vanquished Creatures
  A black bear (D:4)
  A scorpion (D:4)
  An orc priest (D:3)
  An orc wizard (D:3)
  Natasha (D:2)
  Robin (D:2)
  2 adders
  A ribbon worm (D:2)
  6 dart slugs
  14 orcs
  8 ball pythons
  12 endoplasms
  4 giant cockroaches
  14 goblins
  13 hobgoblins
  6 jackals
  5 quokkas
  7 bats
  5 frilled lizards (D:1)
  12 kobolds
  6 rats
121 creatures vanquished.

Notes
Turn   | Place    | Note
-------+----------+-------------------------------------------
     0 | D:1      | Ceno the Vine Stalker Earth Elementalist began the quest
                  | for the Orb.
     0 | D:1      | Reached XP level 1. HP: 9/9 MP: 4/4
   210 | D:1      | Reached XP level 2. HP: 13/13 MP: 3/6
   434 | D:1      | Reached skill level 3 in Stealth
   434 | D:1      | Reached XP level 3. HP: 16/16 MP: 1/7
   789 | D:1      | Learned a level 3 spell: Passwall
   793 | D:1      | Learned a level 3 spell: Stone Arrow
   932 | D:2      | Reached XP level 4. HP: 21/21 MP: 6/9
   984 | D:2      | Noticed Robin
   990 | D:2      | Killed Robin
  1386 | D:2      | Noticed Natasha
  1389 | D:2      | Killed Natasha
  1390 | D:2      | Reached XP level 5. HP: 22/24 MP: 4/10
  1804 | D:3      | Reached skill level 4 in Stealth
  2140 | D:3      | Found an ornate altar of the Wu Jian Council.
  2388 | D:3      | Reached XP level 6. HP: 22/28 MP: 6/12
  2891 | D:4      | Found a shimmering altar of Xom.
  2893 | D:4      | Found a basalt altar of Yredelemnul.
  2894 | D:4      | Found a sacrificial altar of Ru.
  3200 | D:4      | Noticed Ijyb
  3221 | D:4      | Found Qassimeipy's Armour Shoppe.
  3322 | D:4      | Noticed a black bear
  3381 | D:4      | Killed a black bear
  3382 | D:4      | Reached skill level 5 in Stealth
  3382 | D:4      | Reached skill level 1 in Alchemy
  3386 | D:4      | Frozen to death by an endoplasm

Illustrated notes

Levels and vault maps discovered:
D:1:      psy_arrival_conway, layout_basic, minmay_misc_feat_chi,
          lexackson_kobold_supper
D:2:      layout_loops_ring, uniq_robin, uniq_natasha
D:3:      kennysheep_big_flooded_room, layout_basic, overflow_temple_1_default,
          nrook_mini_backslash, minmay_misc_feat_rugged,
          minmay_misc_feat_nine_boxes
D:4:      layout_rooms, gammafunk_temple_overflow_forgotten, serial_shops, shop,
          uniq_ijyb

Skill      XL: |  1  2  3  4  5  6 |
---------------+-------------------+-----
Stealth        | 3 4 5 |  5.0
Conjurations   | 2 3 |  3.0
Spellcasting   | 3 4 |  4.0
Earth Magic    | 4 |  4.5
Alchemy        | 1 |  1.4
Dodging        | |  1.5

Action                     |  1- 3 |  4- 6 || total
---------------------------+-------+-------++-------
  Melee: Dagger            |    77 |   177 ||   254
         Bite              |    15 |    41 ||    56
         Punch             |     3 |    10 ||    13
  Throw: Stone             |     1 |     7 ||     8
   Cast: Sandblast         |    27 |    38 ||    65
         Passwall          |       |     5 ||     5
   Stab: Sleeping          |     7 |    14 ||    21
 Armour: Robe              |    25 |    14 ||    39
         Leather armour    |       |    68 ||    68
  Dodge: Dodged            |    42 |   120 ||   162

Table legend: (Time is in decaauts)
 A = Elapsed time spent in this place.
 B = Non-inter-level travel time spent in this place.
 C = Inter-level travel time spent in this place.
 D = Time resting spent in this place.
 E = Time spent auto-exploring this place.
 F = Levels seen in this place.
 G = Mean time per level.
                   A        B        C        D        E       F      G
               +--------+--------+--------+--------+--------+-----+--------+
         Total |   3422 |   3340 |     82 |    275 |   1644 |   4 |  855.5 |
       Dungeon |   3422 |   3340 |     82 |    275 |   1644 |   4 |  855.5 |
               +--------+--------+--------+--------+--------+-----+--------+

Top non-repeatable levels by time:
     D:3: 1345 daAuts
     D:1: 807 daAuts
     D:2: 785 daAuts
     D:4: 483 daAuts
